 Dungeon Crawl Stone Soup version 0.29-a0-234-g0dae59b3db (webtiles) character file.

Game seed: 16335974124833286671

55 siradein the Chiller (level 3, -3/26 HPs)
             Began as a Ghoul Ice Elementalist on Mar 3, 2022.
             Slain by a gnoll
             ... wielding a +0 halberd
              (5 damage)
             ... on level 2 of the Dungeon.
             The game lasted 00:04:08 (2103 turns).

siradein the Chiller (Ghoul Ice Elementalist)       Turns: 2103, Time: 00:04:09

Health: -3/26      AC:  3    Str: 11    XL:     3   Next: 93%
Magic:  1/6        EV: 12    Int: 12    God:
Gold:   109        SH:  0    Dex:  9    Spells: 0/7 levels left

rFire   x . .      SeeInvis .   f - +0 short sword
rCold   + + .      Faith    .   (no shield)
rNeg    + + +      Spirit   .   a - +0 robe
rPois   ∞          Reflect  .   (no helmet)
rElec   .          Harm     .   (no cloak)
rCorr   .          Rampage  .   (no gloves)
Will    .....                   j - +0 pair of boots
Stlth   ++........              (no amulet)
HPRegen 0.00/turn               o - ring of ice
MPRegen 0.10/turn               (no ring)

@: inhibited regen
A: claws 1, cold resistance 1, negative energy resistance 3, inhibited
regeneration, torment resistance 2
a: no special abilities


You were on level 2 of the Dungeon.
You visited 1 branch of the dungeon, and saw 2 of its levels.

You collected 109 gold pieces.

Inventory:

Hand Weapons
 f - a +0 short sword (weapon)
Armour
 a - a +0 robe (worn)
 j - a +0 pair of boots (worn)
Jewellery
 o - a ring of ice (left claw)
Scrolls
 b - a scroll of noise {unknown}
 c - 2 scrolls of enchant armour {unknown}
 e - a scroll of immolation {unknown}
 h - a scroll of torment {unknown}
 i - a scroll of identify {unknown}
 k - 2 scrolls of vulnerability {unknown}
 l - a scroll of teleportation {unknown}
 m - a scroll of silence {unknown}
 n - a scroll of summoning {unknown}
Potions
 d - 2 potions of ambrosia {unknown}
 g - 2 potions of curing {unknown}
 p - a potion of flight {unknown}


   Skills:
 - Level 1.7 Dodging
 - Level 2.1 Stealth
 + Level 2.7 Spellcasting
 + Level 5.2 Ice Magic


You couldn't memorise any spells.
You knew the following spells:

 Your Spells              Type           Power      Damage    Failure   Level
a - Freeze                Ice            84%        1d10      3%          1
b - Frozen Ramparts       Ice            42%        1d6       9%          3
c - Ozocubu's Armour      Ice            21%        N/A       9%          3

Your spell library contained the following spells:

 Spells                   Type           Power      Damage    Failure   Level
 Hailstorm                Conj/Ice       11%        3d5       65%         4
 Ozocubu's Refrigeration  Ice            10%        4d7       100%        7


Dungeon Overview and Level Annotations

Branches:
Dungeon (2/15)

Altars:


Innate Abilities, Weirdness & Mutations

You thrive by killing the living.
You are immune to poison.
You have sharp fingernails.
Your flesh is cold resistant. (rC+)
You are immune to negative energy. (rN+++)
You do not regenerate when monsters are visible.
You are immune to unholy pain and torment.


Message History

You start resting.
HP restored.
You see here a +0 club.
There is a stone staircase leading down here.
You climb downwards.
There is a stone staircase leading up here.
You see here a +0 dagger.
A gnoll is nearby!
A gnoll is nearby!
The gnoll shouts!
The gnoll shouts!
You start waiting.
The gnoll hits you from afar with a +0 spear.
You feel a surge of power!
You freeze the gnoll!
The gnoll is severely wounded.
The gnoll hits you with a +0 spear.
You feel a surge of power!
You freeze the gnoll!
You kill the gnoll!
The gnoll shouts!
The gnoll hits you with a +0 whip.
You feel a surge of power!
You freeze the gnoll!
The gnoll is heavily wounded.
The gnoll hits you but does no damage.
You feel a surge of power!
You freeze the gnoll.
The gnoll is severely wounded.
The gnoll hits you with a +0 whip.
You feel a surge of power!
You freeze the gnoll.
The gnoll is almost dead.
The gnoll hits you with a +0 whip.
Casting: Freeze (safe; 3% risk of failure)
Confirm with . or Enter, or press ? or * to list all spells.
Aiming: Freeze (safe; 3% risk of failure)
Press: ? - help, Shift-Dir - straight line, f/p - gnoll
Aim: a gnoll, wielding a +0 whip (almost dead)
You feel a surge of power!
You freeze the gnoll!
You kill the gnoll!
The gnoll hits you from afar with a +0 halberd!
* * * LOW HITPOINT WARNING * * *
The gnoll hits you from afar with a +0 halberd.
You die...

#.#..#
#.######..........#
#.#..#
#.###########.###.#
#.#..########.##.....#
#.# #.#
...........##.##.#.#.#
#.# #.###
##.######...#.##.....#
#.# #....
#............###...##
#.# #....
#.######...#####.#.#
#.# ##### #)# ##.##
#.....## #.# #.# ##.##
#.@....# #.# #.#
##.#.###..#g#.# #.#
#.# #.###.........#
#.# #.#
##.#.#####g#..# #.#
#.# ##.## #...## #.#
##.#### ### #.###
#.#### .#....# #.#
#....####
.####.###########.#
####...(.
.##..)......g.....#
##.###


You could see 2 gnolls.

Vanquished Creatures
  An adder (D:2)
  2 gnolls (D:2)
  4 bats
  3 endoplasms (D:1)
  2 giant cockroaches (D:1)
  A goblin (D:2)
  2 hobgoblins
  2 jackals (D:1)
  A kobold (D:1)
  2 quokkas
  A ball python (D:1)
  3 frilled lizards
  3 rats (D:1)
27 creatures vanquished.

Notes
Turn   | Place    | Note
-------+----------+-------------------------------------------
     0 | D:1      | siradein the Ghoul Ice Elementalist began the quest for the
                  | Orb.
     0 | D:1      | Reached XP level 1. HP: 14/14 MP: 2/2
   197 | D:1      | Found a faded altar of an unknown god.
   202 | D:1      | Reached XP level 2. HP: 20/20 MP: 2/4
  1042 | D:2      | Reached XP level 3. HP: 20/26 MP: 3/5
  1137 | D:2      | Reached skill level 5 in Ice Magic
  1141 | D:2      | Learned a level 3 spell: Frozen Ramparts
  1145 | D:2      | Learned a level 3 spell: Ozocubu's Armour
  2103 | D:2      | Slain by a gnoll

Illustrated notes

Levels and vault maps discovered:
D:1:      minmay_arrival_four_houses, layout_loops_ring, basic_ecumenical_altar
D:2:      layout_loops_ring, minmay_misc_feat_five, grunt_decor_cap

Skill      XL: |  1  2  3 |
---------------+----------+-----
Spellcasting   | 2 |  2.7
Ice Magic      | 5 |  5.2
Dodging        | |  1.7
Stealth        | |  2.1

Action                   || total
-------------------------++-------
Melee: Unarmed           ||    13
       Short sword       ||    13
 Cast: Freeze            ||    34
       Frozen Ramparts   ||     1
Armor: Robe              ||     5
Dodge: Dodged            ||    30

Table legend: (Time is in decaauts)
 A = Elapsed time spent in this place.
 B = Non-inter-level travel time spent in this place.
 C = Inter-level travel time spent in this place.
 D = Time resting spent in this place.
 E = Time spent auto-exploring this place.
 F = Levels seen in this place.
 G = Mean time per level.
                   A        B        C        D        E       F      G
               +--------+--------+--------+--------+--------+-----+--------+
         Total |   2104 |   2077 |     27 |    223 |   1557 |   2 | 1052.0 |
       Dungeon |   2104 |   2077 |     27 |    223 |   1557 |   2 | 1052.0 |
               +--------+--------+--------+--------+--------+-----+--------+

Top non-repeatable levels by time:
     D:1: 1166 daAuts
     D:2: 937 daAuts
